 Seeded DCSS version 0.31-a0-219-g8d62b2e7bb (webtiles) character file.

Game seed: 18346887137507914922 (custom seed)

17124 innerfire43 the Nimble (level 12, -5/99 HPs)
             Began as a Demonspawn Monk on July 3, 2023.
             Was a Believer of Uskayaw.
             Slain by a tengu reaver
             ... wielding a +0 battleaxe of flaming
              (7 damage)
             ... on level 11 of the Dungeon.
             The game lasted 00:13:24 (8779 turns).

innerfire43 the Nimble (Demonspawn Monk)            Turns: 8779, Time: 00:13:25

Health: -5/99      AC: 16    Str: 16    XL:     12   Next: 16%
Magic:  12/12      EV: 23    Int: 11    God:    Uskayaw [**....]
Gold:   1485       SH:  0    Dex: 17    Spells: 11/11 levels left

rFire   . . .        g - +2 war axe (elec)
rCold   + . .        d - orb {light}
rNeg    + . .        l - +2 ring mail "Naukank" {rC+}
rPois   .            (helmet unavailable)
rElec   .            h - +0 cloak
rCorr   .            p - +3 pair of gauntlets of War {Slay+5}
SInv    .            B - +0 pair of boots
Will    .....        (no amulet)
Stlth   +            A - +5 ring of evasion
HPRegen 0.36/turn    i - ring of positive energy
MPRegen 0.13/turn

%: no passive effects
@: glowing
A: horns 3, yellow scales 2, icemail 1, condensation shield
a: Renounce Religion, Stomp, Line Pass


You were on level 11 of the Dungeon.
You worshipped Uskayaw.
Uskayaw was noncommittal.
You visited 1 branch of the dungeon, and saw 9 of its levels.

You collected 1485 gold pieces.

Inventory:

Hand Weapons
 a - a +0 hand axe
 g - a +2 war axe of electrocution (weapon)
Missiles
 s - 4 throwing nets
Armour
 b - a +0 robe
 d - an orb of light (worn)
 h - a +0 cloak (worn)
 l - the +2 ring mail "Naukank" (worn) {rC+}
   (You found it on level 2 of the Dungeon)

   rC:        It protects you from cold.
 p - the +3 pair of gauntlets of War (worn) {Slay+5}
   (You acquired it on level 5 of the Dungeon)

   Slay:      It affects your accuracy & damage with ranged weapons and melee
   (+5).
 r - a +0 pair of gloves
 B - a +0 pair of boots (worn)
Jewellery
 i - a ring of positive energy (right hand)
 A - a +5 ring of evasion (left hand)
 C - a ring of see invisible
 G - a ring of fire
 K - a ring of magical power
Wands
 z - a wand of flame (21)
 I - a wand of mindburst (5)
 J - a wand of quicksilver (9)
 L - a wand of roots (5)
Scrolls
 e - 4 scrolls of identify
 o - 3 scrolls of teleportation
 q - 3 scrolls of fog
 t - a scroll of poison
 y - a scroll of immolation
Potions
 f - 2 potions of resistance
 j - 2 potions of cancellation {unknown}
 k - 2 potions of curing
 m - 2 potions of haste
 n - a potion of attraction {unknown}
 u - a potion of might {unknown}
 v - a potion of brilliance {unknown}
 w - 4 potions of lignification {unknown}
 x - a potion of mutation {unknown}


   Skills:
 + Level 10.8 Fighting
 + Level 9.9 Axes
 * Level 13.0 Dodging


You had 11 spell levels left.
You didn't know any spells.
Your spell library contained the following spells:

 Spells                   Type           Power      Damage    Failure   Level
 Ensorcelled Hibernation  Hex/Ice        0%         N/A       71%         2
 Dazzling Flash           Conj/Hex       0%         N/A       90%         3
 Inner Flame              Hex/Fire       0%         N/A       90%         3
 Ozocubu's Armour         Ice            0%         N/A       90%         3
 Spider Form              Tmut/Pois      0%         N/A       90%         3
 Anguish                  Hex/Necr       0%         N/A       100%        4
 Flame Wave               Conj/Fire      0%         2d4       100%        4
 Petrify                  Tmut/Erth      0%         N/A       100%        4
 Sticky Flame             Conj/Fire      0%         2d3       100%        4
 Agony                    Necr           0%         N/A       100%        5
 Metabolic Englaciation   Hex/Ice        0%         N/A       100%        5
 Silence                  Hex/Air        0%         N/A       100%        5
 Statue Form              Tmut/Erth      0%         N/A       100%        6
 Ozocubu's Refrigeration  Ice            0%         4d7       100%        7
 Borgnjor's Revivificati  Necr           0%         N/A       100%        8
 Necromutation            Tmut/Necr      0%         N/A       100%        8
 Death's Door             Necr           0%         N/A       100%        9


Dungeon Overview and Level Annotations

Branches:
Dungeon (11/15)            Temple (0/1) D:5            Lair (0/5) D:11
    Orc: D:9-12

Altars:
Fedhas
Kikubaaqudgha
Qazlal
Sif Muna
Uskayaw
Yredelemnul

Shops:
D:10 *


Innate Abilities, Weirdness & Mutations

You have a pair of large horns on your head.
You are mostly covered in yellow scales. (AC +3)
A meltable icy envelope protects you from harm. (AC +0)
A meltable shield of frost defends you. (SH +0)


Message History

The tengu reaver claws you but does no damage.
Uskayaw will force your foes to helplessly watch your dance.
Uskayaw prepares the audience for your solo!
You are confused.
You feel invigorated.
The tengu reaver is no longer paralysed.
The tengu reaver hits you but does no damage.
The tengu reaver completely misses you.
The tengu reaver claws you but does no damage.
You bump into the closed door.
The tengu reaver closely misses you.
The tengu reaver pecks you but does no damage.
The tengu reaver claws you.
* * * LOW HITPOINT WARNING * * *
You're too confused to move!
The tengu reaver hits you with a +0 battleaxe of flaming.
* * * LOW HITPOINT WARNING * * *
The tengu reaver burns you.
* * * LOW HITPOINT WARNING * * *
The tengu reaver barely misses you. The tengu reaver claws you.
* * * LOW HITPOINT WARNING * * *
You bump into the closed door.
The tengu reaver gestures at you while chanting.
The bolt of poison misses you.
You miss the tengu reaver.
The tengu reaver is heavily wounded.
The tengu reaver points at you and mumbles some strange words.
The bolt of poison misses you.
You closely miss the tengu reaver.
The tengu reaver is heavily wounded.
The tengu reaver hits you with a +0 battleaxe of flaming!!
* * * LOW HITPOINT WARNING * * *
The tengu reaver burns you.
* * * LOW HITPOINT WARNING * * *
The tengu reaver closely misses you.
The tengu reaver claws you but does no damage.
You feel better.
You feel less invigorated.
The tengu reaver hits you with a +0 battleaxe of flaming!!
* * * LOW HITPOINT WARNING * * *
The tengu reaver burns you!
You die...

................#.............#
................#.............#
##...################'#########
......#................#......#
......#................#......#
......#................#......#
......#.....#####......#......#
##....#....##...########......#
.#....#...†#.###@##...<.......#
.#....#....'.# +Q##...........#
.#....#....#.# #.#'...........#
.#....#....##...###...........#
.##########. ### ##...####'###
.# . #..........# .# ..
#.........># .# .. #..........#
.# ... #..........#


You could see a tengu reaver.

Vanquished Creatures
  Josephine (D:11)
  A centaur warrior (D:10)
  5 death yaks (D:11)
  2 tengu warriors (D:10)
  Amaemon (D:9)
  Pikel (D:9)
  An ugly thing (D:10)
  2 cyclopes
  2 manticores (D:10)
  A gargoyle (D:11)
  An orange demon (D:9)
  An unseen horror (D:10)
  Psyche (D:9)
  A kobold demonologist (D:11)
  2 komodo dragons (D:11)
  2 trolls
  A slime creature (D:10)
  6 wraiths (D:11)
  A shadow (D:10)
  A wyvern (D:9)
  14 yaks
  A water moccasin (D:9)
  2 orc warriors (D:10)
  A black bear (D:3)
  An ogre (D:5)
  4 centaurs
  A phantom (D:5)
  A lemure (D:9)
  The ghost of Leavold the Covered, an amateur TeFi (D:3)
  11 kobold brigands
  14 killer bees
  A gnoll bouda (D:9)
  3 hounds
  3 jellies
  7 orc priests
  2 iguanas (D:4)
  14 orc wizards
  A howler monkey zombie (D:3)
  6 gnolls
  8 adders
  A howler monkey skeleton (D:3)
  2 shadow imps (D:11)
  3 dart slugs
  26 orcs
  3 bats
  4 endoplasms
  A giant cockroach (D:2)
  4 goblins
  4 hobgoblins
  6 jackals
  32 kobolds
  7 quokkas
  5 ball pythons
  2 frilled lizards
  12 kobold skeletons (D:11)
  6 kobold zombies (D:11)
  6 rats
254 creatures vanquished.

Notes
Turn   | Place    | Note
-------+----------+-------------------------------------------
     0 | D:1      | innerfire43 the Demonspawn Monk began the quest for the
                  | Orb.
     0 | D:1      | Reached XP level 1. HP: 18/18 MP: 1/1
   168 | D:1      | Gained mutation: A meltable shield of frost defends you.
                  | (SH +0) [demonic ancestry]
   168 | D:1      | Reached XP level 2. HP: 21/24 MP: 2/2
   332 | D:1      | Reached skill level 3 in Dodging
   964 | D:2      | Gained mutation: A meltable icy envelope protects you from
                  | harm. (AC +0) [demonic ancestry]
   964 | D:2      | Reached XP level 3. HP: 29/29 MP: 3/3
   975 | D:2      | Identified the +2 ring mail "Naukank" {rC+}
  1468 | D:2      | Found a faded altar of an unknown god.
  1869 | D:3      | Noticed a black bear
  1878 | D:3      | Killed a black bear
  1879 | D:3      | Reached XP level 4. HP: 34/37 MP: 4/4
  1879 | D:3      | Reached XP level 5. HP: 39/42 MP: 5/5
  2086 | D:3      | Reached skill level 4 in Dodging
  2164 | D:3      | Found a runed translucent gate.
  2164 | D:3      | Found a runed translucent gate.
  2164 | D:3      | Found a runed translucent gate.
  2170 | D:3      | Noticed Leavold's ghost (amateur TeFi)
  2901 | D:3      | Killed Leavold's ghost
  2902 | D:3      | Gained mutation: You are partially covered in yellow
                  | scales. (AC +2) [demonic ancestry]
  2902 | D:3      | Reached XP level 6. HP: 15/49 MP: 6/6
  2902 | D:3      | Identified a scroll of acquirement
  2902 | D:3      | Acquired 862 gold pieces
  3225 | D:4      | Found a hide-covered altar of Uskayaw.
  3275 | D:4      | Became a worshipper of Uskayaw the Reveller
  3275 | D:4      | Reached * piety under Uskayaw
  3356 | D:4      | Reached ** piety under Uskayaw
  3456 | D:4      | Found a stormy altar of Qazlal.
  3503 | D:4      | Reached skill level 5 in Fighting
  3721 | D:5      | Entered Level 5 of the Dungeon
  3851 | D:5      | Gained mutation: You have a pair of small horns on your
                  | head. [demonic ancestry]
  3851 | D:5      | Reached XP level 7. HP: 54/56 MP: 7/7
  3944 | D:5      | Found a staircase to the Ecumenical Temple.
  3983 | D:5      | Reached *** piety under Uskayaw
  3984 | D:5      | Reached skill level 5 in Dodging
  3986 | D:5      | Reached **** piety under Uskayaw
  3995 | D:5      | Reached ***** piety under Uskayaw
  4006 | D:5      | Reached skill level 5 in Axes
  4009 | D:5      | Reached ****** piety under Uskayaw
  4721 | D:5      | Acquired the +3 pair of gauntlets of War {Slay+5}
  4721 | D:5      | Found the +3 pair of gauntlets of War {Slay+5}
  5051 | D:6      | You fall into a shaft and drop 3 floors!
  5058 | D:9      | Noticed a troll
  5065 | D:9      | Killed a troll
  5066 | D:9      | Reached skill level 6 in Dodging
  5066 | D:9      | Reached XP level 8. HP: 54/64 MP: 8/8
  5105 | D:9      | Noticed an orange demon
  5106 | D:9      | Noticed Amaemon
  5113 | D:9      | Killed an orange demon
  5115 | D:9      | Killed Amaemon
  5116 | D:9      | Reached skill level 7 in Dodging
  5116 | D:9      | Gained mutation: You have a pair of horns on your head.
                  | [demonic ancestry]
  5116 | D:9      | Reached XP level 9. HP: 71/72 MP: 9/9
  5202 | D:9      | Reached skill level 8 in Dodging
  5254 | D:9      | Noticed Pikel
  5260 | D:9      | Killed Pikel
  5308 | D:9      | Found a basalt altar of Yredelemnul.
  5553 | D:9      | Found a shimmering blue altar of Sif Muna.
  5627 | D:9      | Noticed Psyche
  5632 | D:9      | Killed Psyche
  5633 | D:9      | Reached skill level 9 in Dodging
  6012 | D:10     | Entered Level 10 of the Dungeon
  6039 | D:10     | Noticed an unseen horror
  6044 | D:10     | Killed an unseen horror
  6073 | D:10     | Noticed a cyclops
  6073 | D:10     | Noticed a tengu warrior
  6073 | D:10     | Noticed a centaur warrior
  6073 | D:10     | Noticed a cyan ugly thing
  6081 | D:10     | Killed a cyan ugly thing
  6082 | D:10     | Gained mutation: You are mostly covered in yellow scales.
                  | (AC +3) [demonic ancestry]
  6082 | D:10     | Reached XP level 10. HP: 80/80 MP: 10/10
  6085 | D:10     | Noticed a manticore
  6086 | D:10     | Killed a cyclops
  6086 | D:10     | Killed a tengu warrior
  6087 | D:10     | Reached skill level 10 in Dodging
  6088 | D:10     | Killed a centaur warrior
  6094 | D:10     | Noticed a tengu warrior
  6096 | D:10     | Noticed a manticore
  6110 | D:10     | Killed a tengu warrior
  6121 | D:10     | Killed a manticore
  6126 | D:10     | Killed a manticore
  6127 | D:10     | Reached skill level 11 in Dodging
  6232 | D:10     | Identified the +0 great sword of the Muttering Gnat {spect,
                  | rElec}
  6241 | D:10     | Found a runed translucent door.
  6321 | D:10     | Found Fepluu's Assorted Antiques.
  6578 | D:10     | Reached XP level 11. HP: 80/89 MP: 11/11
  6858 | D:10     | Found a runed translucent door.
  6876 | D:10     | Found a blossoming altar of Fedhas.
  7367 | D:11     | Noticed Josephine
  7381 | D:11     | Killed Josephine
  7473 | D:11     | Noticed a death yak
  7474 | D:11     | Found a staircase to the Lair.
  7474 | D:11     | Noticed a death yak
  7482 | D:11     | Killed a death yak
  7492 | D:11     | Killed a death yak
  7493 | D:11     | Reached skill level 10 in Fighting
  7493 | D:11     | Reached skill level 12 in Dodging
  7818 | D:11     | Noticed a death yak
  7818 | D:11     | Noticed a death yak
  7819 | D:11     | Noticed a death yak
  7824 | D:11     | Killed a death yak
  7824 | D:11     | Killed a death yak
  7826 | D:11     | Killed a death yak
  8063 | D:11     | Gained mutation: You have a pair of large horns on your
                  | head. [demonic ancestry]
  8063 | D:11     | Reached XP level 12. HP: 75/99 MP: 12/12
  8447 | D:11     | Found an ancient bone altar of Kikubaaqudgha.
  8466 | D:11     | Reached skill level 13 in Dodging
  8761 | D:11     | Noticed a tengu reaver
  8779 | D:11     | HP: 2/99 [tengu reaver/+0 battleaxe of flaming (20)]
  8779 | D:11     | Slain by a tengu reaver

Illustrated notes

Levels and vault maps discovered:
D:1:      heliophobic_arrival_ceremonial_halls, layout_basic
D:2:      layout_basic, shapermc_ecumenical_altar_mp_highgroup,
          grunt_ministairs_10, minivault_5, chequers_decorated_corner
D:3:      layout_loops_corners, serial_glass, glass_columns_a, glass_columns_c,
          glass_columns_c, glass_columns_b, gammafunk_ghost_necromancy,
          dk_vineyard_1, kennysheep_cross_room, grunt_decor_clamped
D:4:      layout_rooms, nicolae_qazlal_eye_of_the_storm,
          nicolae_uskayaw_suspiria, kennysheep_nub
D:5:      layout_cave_pods, minmay_temple_entry_purple_smoke,
          grunt_ministairs_12
D:6:      layout_loops_ring, mainiacjoe_overflow_concentric_impassable,
          uniq_menkaure
D:9:      layout_basic, mainiacjoe_overflow_paths,
          mainiacjoe_overflow_surrounded_room, lemuel_round_altar, uniq_pikel,
          uniq_amaemon, uniq_psyche
D:10:     minmay_the_grid_triangle_9x9_recursive_2
          [minmay_the_grid_triangle_9x9_prize_top_heavy,
          minmay_the_grid_triangle_9x9_corrupted_corridor,
          minmay_the_grid_triangle_9x9_steps,
          minmay_the_grid_triangle_9x9_tough_junction], layout_irregular_city,
          general_overflow_altar, serial_shops, nicolae_shop_trees,
          st_stairs_13, patterned_corridor
D:11:     wander_kiku_kobolds, layout_grid_maze, dpeg_lair_monsters,
          minmay_holes, kennysheep_just_a_vault, uniq_josephine

Skill      XL: |  1  2  3  4  5  6  7  8  9 10 11 12 |
---------------+-------------------------------------+-----
Axes           | 3 4 5 6 7 8 9 |  9.9
Dodging        | 3 4 6 7 9 11 12 13 | 13.0
Fighting       | 4 5 6 7 8 9 10 | 10.8

Action                     |  1- 3 |  4- 6 |  7- 9 | 10-12 || total
---------------------------+-------+-------+-------+-------++-------
  Melee: Hand axe          |   111 |   185 |    30 |       ||   326
         War axe           |       |       |    81 |   189 ||   270
         Headbutt          |       |       |    21 |    47 ||    68
  Evoke: Wand              |       |       |       |     3 ||     3
    Use: Scroll            |       |     1 |     6 |     7 ||    14
         Potion            |       |       |     3 |     5 ||     8
   Stab: Paralysed         |       |       |    16 |    28 ||    44
 Armour: Robe              |    11 |       |       |       ||    11
         Ring mail         |    19 |    82 |    47 |    72 ||   220
  Dodge: Dodged            |    71 |   130 |   120 |   223 ||   544
  Block: Orb               |    19 |    32 |    18 |    39 ||   108

Table legend: (Time is in decaauts)
 A = Elapsed time spent in this place.
 B = Non-inter-level travel time spent in this place.
 C = Inter-level travel time spent in this place.
 D = Time resting spent in this place.
 E = Time spent auto-exploring this place.
 F = Levels seen in this place.
 G = Mean time per level.
                   A        B        C        D        E       F      G
               +--------+--------+--------+--------+--------+-----+--------+
         Total |   8838 |   8059 |    779 |      0 |   6654 |   9 |  982.0 |
       Dungeon |   8838 |   8059 |    779 |      0 |   6654 |   9 |  982.0 |
               +--------+--------+--------+--------+--------+-----+--------+

Top non-repeatable levels by time:
    D:11: 1426 daAuts
     D:3: 1386 daAuts
    D:10: 1354 daAuts
     D:5: 1018 daAuts
     D:9: 968 daAuts
     D:1: 935 daAuts
     D:2: 885 daAuts
     D:4: 544 daAuts
     D:6: 318 daAuts
